 Dungeon Crawl Stone Soup version 0.28.0-43-g3370ac3207 (webtiles) character file.

Game seed: 1714391720545323868

539 Zeld the Changer (level 7, -5/47 HPs)
             Began as an Octopode Transmuter on Mar 11, 2022.
             Killed by divine providence
             ... invoked by an orc priest
              (11 damage)
             ... on level 5 of the Dungeon.
             The game lasted 00:08:12 (4480 turns).

Zeld the Changer (Octopode Transmuter)              Turns: 4480, Time: 00:08:13

Health: -5/47      AC:  1    Str: 11    XL:     7   Next: 26%
Magic:  11/11      EV: 13    Int: 16    God:
Gold:   196        SH:  0    Dex: 12    Spells: 2/12 levels left

rFire   . . .      SeeInvis .     - Unarmed
rCold   . . .      Faith    .   (no shield)
rNeg    . . .      Spirit   .   (helmet restricted)
rPois   .          Reflect  .   (no amulet)
rElec   .          Harm     .   m - ring of flight
rCorr   .          Rampage  .   (no ring)
Will    .....                   (no ring)
Stlth   +++.......              (no ring)
HPRegen 0.15/turn               (no ring)
MPRegen 0.12/turn               (no ring)
                                (no ring)
                                (no ring)

@: flying
A: almost no armour, amphibious, 8 rings, camouflage 1, gelatinous body 1,
(nimble swimmer 1), tentacles
a: no special abilities


You were on level 5 of the Dungeon.
You visited 1 branch of the dungeon, and saw 5 of its levels.

You collected 196 gold pieces.

Inventory:

Jewellery
 m - a ring of flight (left tentacle)
Scrolls
 b - 2 scrolls of vulnerability {unknown}
 c - 4 scrolls of identify {unknown}
 e - a scroll of amnesia {unknown}
 g - a scroll of fear {unknown}
 k - a scroll of magic mapping {unknown}
 l - a scroll of enchant weapon {unknown}
 n - a scroll of teleportation {unknown}
 o - a scroll of fog {unknown}
Potions
 a - 2 potions of heal wounds {unknown}
 d - a potion of lignification {unknown}
 f - a potion of degeneration {unknown}
 h - a potion of magic {unknown}
 i - a potion of cancellation {unknown}
 j - 2 potions of brilliance {unknown}
 p - a potion of haste {unknown}


   Skills:
 * Level 3.8 Fighting
 - Level 2.0 Dodging
 + Level 3.6 Stealth
 + Level 3.8 Unarmed Combat
 + Level 3.0 Spellcasting
 * Level 4.1 Transmutations
 + Level 1.1 Ice Magic
 + Level 2.2 Poison Magic


You had 2 spell levels left.
You knew the following spells:

 Your Spells              Type           Power      Damage    Failure   Level
a - Beastly Appendage     Tmut           30%        N/A       3%          1
b - Wereblood             Tmut           15%        N/A       5%          2
c - Spider Form           Tmut/Pois      12%        N/A       16%         3
d - Ice Form              Ice/Tmut       10%        N/A       54%         4

Your spell library contained the following spells:

 Spells                   Type           Power      Damage    Failure   Level
 Blink                    Tloc           4%         N/A       28%         2
 Static Discharge         Conj/Air       2%         N/A       28%         2
 Ignite Poison            Fire/Tmut/Pois 9%         N/A       24%         3
 Mephitic Cloud           Conj/Pois/Air  4%         N/A       38%         3
 Lesser Beckoning         Tloc           2%         N/A       50%         3
 Freezing Cloud           Conj/Ice/Air   1%         6-21      99%         5
 Lightning Bolt           Conj/Air       1%         1d12      99%         5
 Manifold Assault         Tloc           2%         N/A       99%         5
 Maxwell's Capacitive Co  Air            1%         ∞         100%        8


Dungeon Overview and Level Annotations

Branches:
Dungeon (5/15)
 Temple: D:4-7

Altars:
Nemelex Xobeh
Uskayaw
Wu Jian
The Shining One

Shops:
D:4 (


Innate Abilities, Weirdness & Mutations

You cannot wear most types of armour.
You are amphibious.
You can wear up to eight rings at the same time.
Your skin changes colour to match your surroundings (Stealth+).
Your rubbery body absorbs attacks. (AC +1, EV +1)
((You are camouflaged when in or above water. (Stealth+)))
You have tentacles for arms and can constrict up to eight enemies at once.


Message History

* * * LOW HITPOINT WARNING * * *
You tentacle-slap the orc. Your grab misses the orc.
Your tentacle spike misses the orc.
The orc is moderately wounded.
The orc barely misses you.
You tentacle-slap the orc but do no damage.
You grab the orc.
You pierce the orc.
You squeeze the orc, but do no damage.
The orc is almost dead.
You constrict the orc, but do no damage.
The orc misses you.
You tentacle-slap the orc but do no damage.
You pierce the orc.
You kill the orc!
You start resting.
Magic restored.
You start resting.
You hear the rapid hiss of a very distant avalanche of sand.
You start resting.
Your transformation is almost over.
Your tentacle spike disappears.
You hear the rapid hiss of a very distant avalanche of sand.
Things that are here:
a +0 hand axe; a +0 scale mail; an orc corpse You start resting.
The hiss of flowing sand is almost imperceptible now.
Things that are here:
a ring of positive energy; a +0 battleaxe; a +0 chain mail
There is a stone staircase leading up here.
The walls and floor vibrate strangely for a moment.
An orc priest and an orc come into view.
The orc priest shouts!
The orc shouts!
The orc priest calls down the wrath of Beogh upon you.
Beogh smites you!
* * * LOW HITPOINT WARNING * * *
The orc priest looks braver for a moment.
The orc hits you with a +0 dagger.
* * * LOW HITPOINT WARNING * * *
The orc priest invokes the aid of Beogh against you.
Beogh smites you!
You die...

....................
....................
...w..###............
.....................
...#..#.#.........#
...........o...#
...#[.#.###....#
#.......#.o....#
#....@######
....l###....<<##########
... ###...=.........# .
###......)....#
##..........#
#..........#
#(.........#
#..........#
############


You could see an iguana (wandering), an orc priest and an orc.

Vanquished Creatures
  An orc warrior (D:5)
  An ogre (D:3)
  A water moccasin zombie (D:5)
  Crazy Yiuf (D:2)
  A centaur zombie (D:4)
  A bullfrog skeleton (D:3)
  Jessica (D:3)
  2 iguanas
  A hound skeleton (D:4)
  A howler monkey skeleton (D:4)
  3 adders
  A gnoll (D:1)
  An adder skeleton (D:2)
  2 worms
  A dart slug (D:1)
  4 orcs
  7 endoplasms
  17 giant cockroaches
  4 goblins
  3 hobgoblins
  2 jackals (D:3)
  3 kobolds
  5 quokkas
  5 ball pythons
  3 bats (D:2)
  2 frilled lizards
  6 rats
80 creatures vanquished.

Vanquished Creatures (others)
  3 plants (D:4)
3 creatures vanquished.

Grand Total: 83 creatures vanquished

Notes
Turn   | Place    | Note
-------+----------+-------------------------------------------
     0 | D:1      | Zeld the Octopode Transmuter began the quest for the Orb.
     0 | D:1      | Reached XP level 1. HP: 13/13 MP: 3/3
    78 | D:1      | Reached XP level 2. HP: 18/18 MP: 3/5
    81 | D:1      | Learned a level 2 spell: Wereblood
   242 | D:1      | Reached skill level 1 in Stealth
   896 | D:1      | Reached XP level 3. HP: 24/24 MP: 3/6
  1119 | D:2      | Learned a level 3 spell: Spider Form
  1191 | D:2      | Found a faded altar of an unknown god.
  1267 | D:2      | Found an ornate altar of the Wu Jian Council.
  1387 | D:2      | Reached XP level 4. HP: 29/29 MP: 5/7
  1771 | D:2      | Found a runed translucent door.
  1772 | D:2      | Noticed Crazy Yiuf
  2058 | D:2      | Killed Crazy Yiuf
  2286 | D:3      | Reached skill level 3 in Transmutations
  2286 | D:3      | Reached skill level 1 in Poison Magic
  2286 | D:3      | Reached XP level 5. HP: 20/35 MP: 6/8
  2423 | D:3      | Found a sparkling altar of Nemelex Xobeh.
  2508 | D:3      | Noticed an ogre
  2529 | D:3      | Killed an ogre
  2608 | D:3      | Noticed Jessica
  2614 | D:3      | Killed Jessica
  2615 | D:3      | Reached XP level 6. HP: 35/42 MP: 8/10
  2664 | D:3      | Learned a level 4 spell: Ice Form
  2973 | D:4      | Found Xozxiod's Antique Weapon Shop.
  3113 | D:4      | Found a hide-covered altar of Uskayaw.
  3589 | D:4      | Found a glowing golden altar of the Shining One.
  3857 | D:5      | Entered Level 5 of the Dungeon
  3901 | D:5      | Noticed an orc warrior
  4347 | D:5      | Reached skill level 4 in Transmutations
  4347 | D:5      | Reached XP level 7. HP: 41/46 MP: 9/11
  4366 | D:5      | Reached skill level 1 in Ice Magic
  4480 | D:5      | Killed from afar by an orc priest

Illustrated notes

Levels and vault maps discovered:
D:1:      ncdulo_smallfort, layout_rooms, serial_curves, eino_curves_03,
          eino_curves_02, eino_curves_01, chequers_serial_rivers_room_b,
          kennysheep_nondescript, minmay_misc_feat_square
D:2:      minmay_roachtagon, layout_basic, basic_altar, basic_ecumenical_altar,
          uniq_crazy_yiuf_cottage
D:3:      layout_basic, mainiacjoe_overflow_paths, minmay_misc_feat_rows,
          uniq_jessica
D:4:      layout_basic, nicolae_uskayaw_dance_hall, tso_metal_star,
          serial_shops, nicolae_shop_overgrown_old_shop, fountainhead
D:5:      layout_rooms, mainiacjoe_overflow_catwalk, grunt_qazlal_sundering,
          gup_ossuary_entry_pyramid, pf_guarded_unrand_meek, uniq_grinder

Skill      XL: |  1  2  3  4  5  6  7 |
---------------+----------------------+-----
Stealth        | 1 2 3 |  3.6
Fighting       | 2 3 |  3.8
Transmutations | 3 4 |  4.1
Poison Magic   | 1 2 |  2.2
Spellcasting   | 3 |  3.0
Ice Magic      | 1 |  1.1
Dodging        | |  2.0
Unarmed Combat | |  3.8

Action                   |  1- 3 |  4- 6 |  7- 9 || total
-------------------------+-------+-------+-------++-------
Melee: Unarmed           |    63 |   108 |     9 ||   180
       Tentacles         |    13 |    18 |     1 ||    32
       Kick              |    18 |    28 |     2 ||    48
       Constrict         |    19 |    20 |     1 ||    40
       Punch             |     5 |     4 |       ||     9
 Cast: Beastly Appendage |    17 |    25 |     1 ||    43
       Wereblood         |     1 |     2 |       ||     3
       Spider Form       |       |     4 |     1 ||     5
 Stab: Sleeping          |     3 |     9 |       ||    12
Armor: Skin              |     8 |     9 |       ||    17
Dodge: Dodged            |    43 |    71 |     5 ||   119
